 Dungeon Crawl Stone Soup version 0.32-a0-7-ge934b4519a (webtiles) character file.

Game seed: 15977982734482953702

17604 Xavori the Nimble (level 12, -10/96 HPs)
             Began as a Djinni Chaos Knight on Jan 13, 2024.
             Was a Plaything of Xom.
             Mangled by a death yak (21 damage)
             ... on level 1 of the Lair of Beasts.
             The game lasted 00:18:49 (13506 turns).

Xavori the Nimble (Djinni Chaos Knight)            Turns: 13506, Time: 00:18:49

Health: -10/96     AC: 10    Str: 12    XL:     12   Next: 84%
Gold:   435        EV: 22    Int: 21    God:    Xom [.*....] SH:  4 Dex: 17

rFire   + + .        C - +1 scimitar (heavy)
rCold   x . .        (no shield)
rNeg    . . .        G - +0 acid dragon scales
rPois   ∞            (helmet restricted)
rElec   .            r - +1 cloak {rCorr}
rCorr   +            (no gloves)
SInv    .            (boots unavailable)
Will    +....        (no amulet)
Stlth   +            F - ring of Fitaak {Wiz Str+3 Slay+3}
HPRegen 0.36/turn    E - +5 ring of evasion
MPRegen 0.00/turn

%: wizardry (x1), infuse magic (-11 HP)
@: forested, flying
A: sickness immunity, fire resistance 2, cold vulnerability 1, float, innate
caster, HP casting, extra vitality 1, antennae 2, large bone plates 1, clever 2,
sense surroundings 1, robust 1, sturdy frame 1
a: Renounce Religion


You were on level 1 of the Lair of Beasts.
You worshipped Xom.
You were a plaything of Xom.
You visited 2 branches of the dungeon, and saw 11 of its levels.

You collected 870 gold pieces.
You spent 435 gold pieces at shops.

Inventory:

Hand Weapons
 s - a +2 falchion of electrocution
 C - a +1 heavy scimitar (weapon)
Missiles
 w - 6 throwing nets (quivered)
Armour
 b - a +2 leather armour
 m - the +3 robe of the Guilds {rC- rN+++ Str-4 Archmagi}
   (You found it on level 2 of the Dungeon)

   Str-4:     It affects your strength (-4).
   rC-:       It makes you vulnerable to cold.
   rN+++:     It renders you almost immune to negative energy.
   Archmagi:  It increases the power of your magical spells.
 r - a +1 cloak of preservation (worn)
 G - +0 acid dragon scales (worn)
Jewellery
 h - a ring of protection from fire
 E - a +5 ring of evasion (right hand)
 F - the ring of Fitaak (left hand) {Wiz Str+3 Slay+3}
   (You found it on level 10 of the Dungeon)

   [ring of wizardry]

   Wiz:       It improves your spell success rate.
   Str+3:     It affects your strength (+3).
   Slay+3:    It affects your accuracy & damage with ranged weapons and melee
   (+3).
 J - a +5 ring of evasion
Wands
 a - a wand of light (12)
 e - a wand of polymorph (7)
 o - a wand of charming (14)
 p - a wand of flame (15)
 A - a wand of digging (4)
Scrolls
 c - 3 scrolls of butterflies
 d - 2 scrolls of vulnerability
 l - 2 scrolls of teleportation
 q - 3 scrolls of silence
 t - 3 scrolls of enchant armour
 u - a scroll of immolation
 y - a scroll of revelation
 z - a scroll of fear
 I - a scroll of fog
Potions
 f - 6 potions of heal wounds
 g - 3 potions of brilliance {unknown}
 i - 5 potions of curing
 j - a potion of degeneration {unknown}
 k - a potion of ambrosia {unknown}
 n - 2 potions of haste
 v - 2 potions of invisibility
 x - a potion of enlightenment {unknown}
 B - a potion of might {unknown}
 D - a potion of lignification
 H - 2 potions of cancellation {unknown}


   Skills:
 + Level 8.6 Fighting
 + Level 7.9 Long Blades
 + Level 8.1 Armour
 + Level 9.1 Dodging
 * Level 8.3 Spellcasting
 * Level 8.3 Conjurations
 * Level 8.3 Hexes
   Level 0.0 Charms
 * Level 8.3 Summonings
 * Level 8.3 Necromancy
 * Level 8.3 Translocations
   Level 0.0 Transmutations
 * Level 8.3 Fire Magic
 * Level 8.3 Ice Magic
 * Level 8.3 Air Magic
 * Level 8.3 Earth Magic
 * Level 8.3 Alchemy
 + Level 6.4 Evocations


You knew the following spells:

 Your Spells              Type           Power      Damage    Failure   Level
a - Slow                  Hex            100%       N/A       1%          1
b - Scorch                Fire           86%        2d8       1%          2
c - Frozen Ramparts       Ice            86%        1d13      1%          3
d - Dazzling Flash        Conj/Hex       86%        N/A       1%          3
e - Summon Forest         Summ/Tloc      21%        N/A       3%          5
Your spell library was empty.

Dungeon Overview and Level Annotations

Branches:
Dungeon (10/15)            Temple (0/1) D:6            Lair (1/5) D:9
    Orc (0/2) D:10

Altars:
Dithmenos
Elyvilon
Okawaru
Uskayaw
Wu Jian
Yredelemnul
The Shining One

Shops:
D:5 *   D:6 !

Annotations:
D:10 exclusion: frost giant


Innate Abilities, Weirdness & Mutations

You are immune to sickness and miasma.
You are immune to poison.
Your flesh is very heat resistant. (rF++)
You are vulnerable to cold. (rC-)
You float through the air rather than walking.
You learn spells naturally, not from books.
Your magical power is your life essence.
You have superior vitality. (+4 MHP)
You have a pair of antennae on your head.
You are partially covered in large bone plates. (SH +4)
Your mind is very acute. (Int +8, Str/Dex -2)
You passively map a small area around you.
You are robust. (+10% HP)
Your movements are slightly less encumbered by armour. (ER -2)


Message History

Casting: Dazzling Flash (safe; 1% risk of failure)
Confirm with . or Enter, or press ? or * to list all spells.
Casting: Dazzling Flash (safe; 1% risk of failure)
Press: ? - help, Dir - look around, f - activate The death yak is dazzled.
The yak is dazzled. x3; The death yak gores you!!
The yak barely misses you. The death yak completely misses you.
Unknown command.
Unknown command.
Unknown command.
You slash the death yak!
The death yak is lightly wounded.
The death yak completely misses you. The yak closely misses you.
The death yak completely misses you.
The death yak gores you but does no damage.
The yak closely misses you. The death yak gores you.
Your dryad calls out to the forest.
The forest starts to sway and rumble!
You hit the death yak but do no damage.
The death yak is lightly wounded.
The death yak is hit by a branch!
A root smacks the death yak from below!
The yak is no longer blind.
The death yak completely misses you. The yak misses you.
Unknown command.
Unknown command.
You slash the death yak!
The death yak is moderately wounded.
The yak is no longer blind.
The death yak is no longer blind.
The death yak gores you!
* * * LOW HITPOINT WARNING * * *
The yak gores you!
* * * LOW HITPOINT WARNING * * *
The death yak closely misses you. The death yak gores your dryad!
You block the yak's attack.
Unknown command.
Unknown command.
Branches wave dangerously above you.
The death yak attacks as it pursues you!
The death yak gores you!!
You die...
Xom bursts into laughter!

♣........#♣.Y.#......
#.......#♣.Y.......##
#.........YY♣...>....
#..{....#####.#......
#YYY{...♣ *#.##...
##Y##..## ## ####
#♣##†Y..## ##
♣....Y~~~# ** ###.
#...♣@≈~~#*#. #.#.
♣...~≈≈≈~+... , ...
♣..YR≈~≈~.♣ *,##.
#..~~....♣# *#
#..~.♣...♣ #
#........# ####
#.♣#'##♣## #.+. ##
#.# #... #.## #.##


You could see 2 death yaks, 4 yaks and a friendly dryad (summoned, wandering).

Vanquished Creatures
  A centaur warrior (D:10)
  3 two-headed ogres
  6 death yaks
  A manticore (D:10)
  2 ugly things (D:10)
  2 centaur zombies (D:10)
  A torpor snail (Lair:1)
  A rime drake (Lair:1)
  An unseen horror (D:10)
  A komodo dragon (D:9)
  A wraith (D:6)
  10 yaks
  A wyvern (Lair:1)
  A basilisk (Lair:1)
  A steam dragon (D:8)
  6 vampire mosquitoes (D:10)
  An acid dragon (D:10)
  3 water moccasins
  A swamp drake (D:9)
  An ice beast (D:6)
  A sky beast (D:7)
  4 orc warriors
  A laughing skull (D:10)
  3 ogres (D:7)
  A phantom (D:7)
  5 wolves (Lair:1)
  3 centaurs
  3 kobold brigands
  A brain worm (D:1)
  6 bullfrogs
  8 wights (D:6)
  A jelly (D:6)
  5 orc priests
  Crazy Yiuf (D:3)
  Jessica (D:3)
  5 iguanas
  10 orc wizards
  7 gnolls
  12 adders
  A white imp (D:5)
  4 ufetubi
  A ribbon worm (D:3)
  2 dart slugs
  32 orcs
  7 endoplasms
  2 giant cockroaches
  12 goblins
  8 hobgoblins
  2 jackals (D:1)
  4 quokkas
  12 ball pythons
  3 bats
  4 frilled lizards
  19 kobolds
  7 rats
243 creatures vanquished.

Vanquished Creatures (collateral kills)
  3 death yaks (Lair:1)
  4 yaks (Lair:1)
  A bat (D:3)
8 creatures vanquished.

Vanquished Creatures (others)
  An electric eel (D:9)
  6 kobolds (D:9)
7 creatures vanquished.

Grand Total: 258 creatures vanquished

Notes
Turn   | Place    | Note
-------+----------+-------------------------------------------
     0 | D:1      | Xavori the Djinni Chaos Knight began the quest for the Orb.
     0 | D:1      | Reached XP level 1. HP: 20/20 MP: 0/0
   119 | D:1      | XOM: silly message
   234 | D:1      | XOM: noise
   276 | D:1      | Reached XP level 2. HP: 25/25 MP: 0/0
   471 | D:1      | XOM: destruction
   477 | D:1      | Reached XP level 3. HP: 30/30 MP: 0/0
   477 | D:1      | Learned a level 1 spell: Slow
   564 | D:1      | Reached skill level 1 in Spellcasting
   564 | D:1      | Reached skill level 1 in Conjurations
   564 | D:1      | Reached skill level 1 in Hexes
   564 | D:1      | Reached skill level 1 in Summonings
   564 | D:1      | Reached skill level 1 in Necromancy
   564 | D:1      | Reached skill level 1 in Translocations
   564 | D:1      | Reached skill level 1 in Fire Magic
   564 | D:1      | Reached skill level 1 in Ice Magic
   564 | D:1      | Reached skill level 1 in Air Magic
   564 | D:1      | Reached skill level 1 in Earth Magic
   564 | D:1      | Reached skill level 1 in Alchemy
   580 | D:1      | a dart slug changed into a brain worm
   580 | D:1      | Noticed a brain worm
   580 | D:1      | XOM: polymorph dart slug -> brain worm
   581 | D:1      | Killed a brain worm
   582 | D:1      | Reached XP level 4. HP: 34/35 MP: 0/0
  1501 | D:1      | XOM: give mutations
  1501 | D:1      | Gained mutation: You are partially covered in large bone
                  | plates. (SH +4) [Xom's grace]
  1501 | D:1      | Gained mutation: Your muscles are strong. (Str +4, Int/Dex
                  | -1) [Xom's grace]
  1501 | D:1      | Gained mutation: You have a pair of small antennae on your
                  | head. [Xom's grace]
  1501 | D:1      | Gained mutation: Your movements are slightly less
                  | encumbered by armour. (ER -2) [Xom's grace]
  1742 | D:1      | XOM: give mutations
  1742 | D:1      | Gained mutation: You have hidden genetic potential. [Xom's
                  | grace]
  1742 | D:1      | Gained mutation: You have a pair of antennae on your head.
                  | [Xom's grace]
  1742 | D:1      | Gained mutation: You are robust. (+10% HP) [Xom's grace]
  1742 | D:1      | Gained mutation: You expend health (3 HP) to strengthen
                  | your wands. [Xom's grace]
  1781 | D:2      | XOM: give mutation
  1781 | D:2      | Lost mutation: Your movements are slightly less encumbered
                  | by armour. (ER -2) [Xom's mischief]
  1834 | D:2      | Reached XP level 5. HP: 28/44 MP: 0/0
  1834 | D:2      | Learned a level 2 spell: Scorch
  1871 | D:2      | XOM: 2-stop teleportation journey
  1893 | D:2      | You are sucked into a shaft and drop 2 floors!
  1958 | D:2      | Identified the +3 robe of the Guilds {rC- rN+++ Str-4
                  | Archmagi}
  2022 | D:2      | XOM: confuse monster(s)
  2040 | D:2      | Reached skill level 3 in Dodging
  2480 | D:2      | Gained mutation: You are partially covered in iridescent
                  | scales. (AC +2) [hidden potential]
  2736 | D:3      | Found a runed translucent door.
  2737 | D:3      | Noticed Crazy Yiuf
  2853 | D:3      | Reached XP level 6. HP: 44/51 MP: 0/0
  2948 | D:3      | Noticed Jessica
  2961 | D:3      | Killed Jessica
  2963 | D:3      | Gained mutation: Your mind is acute. (Int +4, Str/Dex -1)
                  | [hidden potential]
  2963 | D:3      | Lost mutation: You have hidden genetic potential. [hidden
                  | potential expressed]
  3043 | D:3      | Found an iron altar of Okawaru.
  3365 | D:3      | Found a glowing golden altar of the Shining One.
  3582 | D:3      | Killed Crazy Yiuf
  3656 | D:4      | XOM: enchant monster (good)
  3681 | D:4      | Reached XP level 7. HP: 41/56 MP: 0/0
  3681 | D:4      | Learned a level 3 spell: Frozen Ramparts
  4320 | D:5      | Entered Level 5 of the Dungeon
  4661 | D:5      | Found Igeagide's General Store.
  4668 | D:5      | XOM: 2-stop teleportation journey
  4703 | D:5      | Bought a potion of curing for 39 gold pieces
  4703 | D:5      | Bought a potion of haste for 130 gold pieces
  4827 | D:5      | XOM: give mutations
  4827 | D:5      | Lost mutation: You are partially covered in iridescent
                  | scales. (AC +2) [Xom's mischief]
  4827 | D:5      | Lost mutation: Your muscles are strong. (Str +4, Int/Dex
                  | -1) [Xom's mischief]
  4827 | D:5      | Gained mutation: Your movements are slightly less
                  | encumbered by armour. (ER -2) [Xom's mischief]
  5289 | D:6      | Found a staircase to the Ecumenical Temple.
  5299 | D:6      | Reached skill level 4 in Dodging
  5408 | D:5      | XOM: noise
  5532 | D:6      | Reached XP level 8. HP: 47/63 MP: 0/0
  5586 | D:6      | Found Otuoguef's Distillery.
  5635 | D:6      | Bought a potion of heal wounds for 70 gold pieces
  5635 | D:6      | Bought a potion of curing for 42 gold pieces
  5635 | D:6      | Bought a potion of invisibility for 112 gold pieces
  5635 | D:6      | Bought a potion of lignification for 42 gold pieces
  5846 | D:6      | Noticed a wraith
  5847 | D:6      | XOM: chaos cloud
  5854 | D:6      | Killed a wraith
  5899 | D:6      | Reached skill level 5 in Fighting
  6057 | D:6      | XOM: 2-stop teleportation journey
  6193 | D:6      | XOM: give mutations
  6193 | D:6      | Gained mutation: Your mind is very acute. (Int +8, Str/Dex
                  | -2) [Xom's grace]
  6193 | D:6      | Gained mutation: Your spells are a little harder to cast,
                  | but a little more powerful. [Xom's grace]
  6193 | D:6      | Gained mutation: You passively map a small area around you.
                  | [Xom's grace]
  6193 | D:6      | Gained mutation: You are very robust. (+20% HP) [Xom's
                  | grace]
  6335 | D:6      | XOM: 5-stop teleportation journey
  6433 | D:6      | XOM: fake destruction
  6436 | D:6      | Reached skill level 5 in Dodging
  6436 | D:6      | Reached XP level 9. HP: 77/78 MP: 0/0
  6436 | D:6      | Learned a level 3 spell: Dazzling Flash
  6780 | D:7      | XOM: swap monsters
  6784 | D:7      | Reached skill level 5 in Spellcasting
  6784 | D:7      | Reached skill level 5 in Conjurations
  6784 | D:7      | Reached skill level 5 in Hexes
  6784 | D:7      | Reached skill level 5 in Summonings
  6784 | D:7      | Reached skill level 5 in Necromancy
  6784 | D:7      | Reached skill level 5 in Translocations
  6784 | D:7      | Reached skill level 5 in Fire Magic
  6784 | D:7      | Reached skill level 5 in Ice Magic
  6784 | D:7      | Reached skill level 5 in Air Magic
  6784 | D:7      | Reached skill level 5 in Earth Magic
  6784 | D:7      | Reached skill level 5 in Alchemy
  6793 | D:7      | Reached skill level 5 in Long Blades
  6924 | D:7      | Found a shadowy altar of Dithmenos.
  6987 | D:7      | Noticed a two-headed ogre
  6998 | D:7      | Killed a two-headed ogre
  6999 | D:7      | Reached skill level 5 in Armour
  6999 | D:7      | Reached skill level 1 in Evocations
  7553 | D:8      | Reached skill level 6 in Dodging
  7572 | D:8      | Noticed a two-headed ogre
  7573 | D:8      | Reached XP level 10. HP: 50/86 MP: 0/0
  7688 | D:8      | XOM: summons 1 friendly demon
  7694 | D:8      | Killed a two-headed ogre
  8025 | D:8      | XOM: cast spell 'Olgreb's Toxic Radiance'
  8154 | D:8      | XOM: cloud trail
  8470 | D:8      | XOM: scenery: 1 doors close
  8525 | D:8      | XOM: fog
  8625 | D:8      | XOM: give mutations
  8625 | D:8      | Gained mutation: You possess an exceptional clarity of
                  | mind. [Xom's grace]
  8898 | D:8      | Found an ornate altar of the Wu Jian Council.
  8999 | D:8      | XOM: god gift: staff of alchemy
  9011 | D:9      | Noticed a two-headed ogre
  9019 | D:9      | Killed a two-headed ogre
  9094 | D:9      | Noticed Harold
  9101 | D:9      | XOM: fog
  9101 | D:9      | XOM: butterfly on damage
  9321 | D:8      | XOM: silly message
  9333 | D:8      | XOM: silly message
  9369 | D:9      | XOM: cast spell 'Olgreb's Toxic Radiance'
  9379 | D:9      | Harold changed into Harold the swamp drake
  9379 | D:9      | Noticed Harold
  9379 | D:9      | XOM: polymorph Harold -> Harold the swamp drake
  9381 | D:9      | Killed Harold the swamp drake
  9471 | D:9      | XOM: destruction
  9475 | D:9      | Found a white marble altar of Elyvilon.
  9512 | D:9      | XOM: 3-stop teleportation journey
  9847 | D:9      | Found a staircase to the Lair.
 10110 | D:9      | Found a hide-covered altar of Uskayaw.
 10154 | D:9      | XOM: noise
 10240 | D:10     | Entered Level 10 of the Dungeon
 10257 | D:10     | Killed an unseen horror
 10258 | D:10     | Reached skill level 7 in Dodging
 10337 | D:10     | XOM: confuse monster(s)
 10346 | D:10     | XOM: scenery: summon butterflies
 10351 | D:10     | Reached XP level 11. HP: 49/93 MP: 0/0
 10351 | D:10     | Learned a level 5 spell: Summon Forest
 10477 | D:10     | Found a basalt altar of Yredelemnul.
 10531 | D:10     | Identified the ring of Fitaak {Wiz Str+3 Slay+3}
 10710 | D:10     | XOM: give mutations
 10710 | D:10     | Lost mutation: You possess an exceptional clarity of mind.
                  | [Xom's mischief]
 10710 | D:10     | Lost mutation: You expend health (3 HP) to strengthen your
                  | wands. [Xom's mischief]
 10710 | D:10     | Lost mutation: You are very robust. (+20% HP) [Xom's
                  | mischief]
 10710 | D:10     | Lost mutation: Your spells are a little harder to cast, but
                  | a little more powerful. [Xom's mischief]
 10850 | D:10     | XOM: noise
 11054 | D:10     | Found a staircase to the Orcish Mines.
 11205 | D:10     | Noticed a purple ugly thing
 11209 | D:10     | Killed a purple ugly thing
 11243 | D:10     | Noticed a centaur warrior
 11247 | D:10     | Noticed a green ugly thing
 11252 | D:10     | Killed a green ugly thing
 11253 | D:10     | Killed a centaur warrior
 11372 | D:10     | Noticed a manticore
 11375 | D:10     | Killed a manticore
 11525 | D:10     | Noticed a frost giant
 11685 | Lair:1   | Entered Level 1 of the Lair of Beasts
 11685 | Lair:1   | Noticed a death yak
 11685 | Lair:1   | Noticed a death yak
 11687 | Lair:1   | Noticed a death yak
 11689 | Lair:1   | Noticed a death yak
 11689 | Lair:1   | Noticed a death yak
 11691 | Lair:1   | Killed a death yak
 11692 | Lair:1   | Reached skill level 8 in Dodging
 11692 | Lair:1   | Reached skill level 5 in Evocations
 11692 | Lair:1   | Noticed a death yak
 11712 | Lair:1   | Killed a death yak
 11713 | Lair:1   | XOM: butterfly on damage
 11944 | Lair:1   | XOM: noise
 11964 | D:9      | Killed a death yak
 11965 | D:9      | Reached XP level 12. HP: 14/94 MP: 0/0
 12296 | Lair:1   | XOM: potion effect (might)
 12298 | D:9      | XOM: divination: detect items
 12307 | D:9      | Killed a death yak
 12310 | D:9      | Killed a death yak
 12423 | D:9      | XOM: confuse monster(s)
 12427 | D:9      | XOM: cast spell 'Summon Mana Viper'
 12428 | D:9      | Killed a death yak
 12644 | Lair:1   | XOM: potion effect (haste)
 12777 | Lair:1   | XOM: 1-stop teleportation journey
 12783 | Lair:1   | XOM: fog
 12870 | Lair:1   | XOM: scenery: 1 doors open
 12874 | Lair:1   | Noticed a death yak
 12876 | Lair:1   | Noticed a death yak
 12879 | Lair:1   | XOM: blink monster(s)
 12882 | Lair:1   | Noticed a death yak
 12882 | Lair:1   | Noticed a death yak
 12883 | Lair:1   | Noticed a death yak
 12884 | Lair:1   | XOM: silly message
 12888 | Lair:1   | Killed a death yak
 12889 | Lair:1   | XOM: enchant monster (bad)
 12892 | Lair:1   | Killed a death yak
 12897 | Lair:1   | Killed a death yak
 12898 | Lair:1   | Reached skill level 9 in Dodging
 12905 | Lair:1   | XOM: confuse monster(s)
 13139 | Lair:1   | XOM: 1-stop teleportation journey
 13506 | Lair:1   | Mangled by a death yak

Illustrated notes

Levels and vault maps discovered:
D:1:      dpeg_arrival_connections, layout_basic, st_stairs_11, minivault_19,
          roderic_serpentine_path
D:2:      kennysheep_the_goblin_king, layout_basic
D:3:      layout_loops_ring, nicolae_tso_swordbearing_angel,
          mainiacjoe_overflow_alcove_1, serial_park_tiny_pond,
          roderic_lattice_a, minmay_distorted, uniq_crazy_yiuf_cottage,
          uniq_jessica
D:4:      layout_loops_ring
D:5:      layout_basic, serial_shops, nicolae_shop_stone
D:6:      layout_basic, minmay_temple_entry_purple_smoke, serial_shops,
          shop_coins
D:7:      layout_cave_pods, grunt_dithmenos_shadows
D:8:      layout_basic, nzn_wu_jian_council_hall, nrook_loot_triangle
D:9:      layout_basic, nicolae_elyvilon_temple_path, nicolae_uskayaw_suspiria,
          nicolae_overflow_crystal_walls, lair_entry_dummy, uniq_harold
D:10:     minmay_sliced_demisemicircle, layout_loops_ring,
          lemuel_zombie_altar_yredelemnul, orc_0_dummy
Lair:1:   layout_roguey, serial_bayou_shore_b, grunt_megastairs_4

Skill      XL: |  1  2  3  4  5  6  7  8  9 10 11 12 |
---------------+-------------------------------------+-----
Spellcasting   | 1 2 3 4 5 6 7 8 |  8.3
Conjurations   | 1 2 3 4 5 6 7 8 |  8.3
Hexes          | 1 2 3 4 5 6 7 8 |  8.3
Summonings     | 1 2 3 4 5 6 7 8 |  8.3
Necromancy     | 1 2 3 4 5 6 7 8 |  8.3
Translocations | 1 2 3 4 5 6 7 8 |  8.3
Fire Magic     | 1 2 3 4 5 6 7 8 |  8.3
Ice Magic      | 1 2 3 4 5 6 7 8 |  8.3
Air Magic      | 1 2 3 4 5 6 7 8 |  8.3
Earth Magic    | 1 2 3 4 5 6 7 8 |  8.3
Alchemy        | 1 2 3 4 5 6 7 8 |  8.3
Long Blades    | 3 4 5 6 7 |  7.9
Armour         | 2 3 4 5 6 7 8 |  8.1
Dodging        | 3 4 5 6 7 8 9 |  9.1
Fighting       | 4 5 6 7 8 |  8.6
Evocations     | 1 3 5 6 |  6.4

Action                     |  1- 3 |  4- 6 |  7- 9 | 10-12 || total
---------------------------+-------+-------+-------+-------++-------
  Melee: Falchion          |    41 |   162 |   203 |     6 ||   412
         Punch             |       |       |     3 |     3 ||     6
         Scimitar          |       |       |       |   179 ||   179
   Cast: Scorch            |       |     9 |    48 |    54 ||   111
         Frozen Ramparts   |       |       |     9 |    19 ||    28
         Dazzling Flash    |       |       |     9 |    25 ||    34
         Slow              |       |       |       |     3 ||     3
         Summon Forest     |       |       |       |     3 ||     3
  Evoke: Wand              |       |       |       |     2 ||     2
    Use: Scroll            |       |     1 |     5 |     7 ||    13
         Potion            |       |       |       |     2 ||     2
   Stab: Sleeping          |     1 |     3 |       |     1 ||     5
         Paralysed         |       |     3 |       |       ||     3
         Invisible         |       |       |     2 |     5 ||     7
         Confused          |       |       |       |     1 ||     1
 Armour: Leather armour    |    24 |    13 |       |       ||    37
         Robe              |       |    82 |   133 |   142 ||   357
         Acid dragon scale |       |       |       |    29 ||    29
  Dodge: Dodged            |    29 |   129 |   173 |   310 ||   641
  Block: Other             |       |    29 |    39 |    48 ||   116

Table legend: (Time is in decaauts)
 A = Elapsed time spent in this place.
 B = Non-inter-level travel time spent in this place.
 C = Inter-level travel time spent in this place.
 D = Time resting spent in this place.
 E = Time spent auto-exploring this place.
 F = Levels seen in this place.
 G = Mean time per level.
                   A        B        C        D        E       F      G
               +--------+--------+--------+--------+--------+-----+--------+
         Total |  13653 |  13345 |    308 |   3521 |   7861 |  11 | 1241.2 |
       Dungeon |  12737 |  12429 |    308 |   3506 |   7237 |  10 | 1273.7 |
          Lair |    916 |    916 |      0 |     15 |    624 |   1 |  916.0 |
               +--------+--------+--------+--------+--------+-----+--------+

Top non-repeatable levels by time:
     D:9: 1971 daAuts
     D:1: 1749 daAuts
    D:10: 1449 daAuts
     D:8: 1323 daAuts
     D:7: 1303 daAuts
     D:6: 1180 daAuts
     D:5: 1153 daAuts
     D:3: 963 daAuts
     D:2: 921 daAuts
  Lair:1: 916 daAuts
     D:4: 720 daAuts
